 Dungeon Crawl Stone Soup version 0.31-a0-4-gefa6de2278 (webtiles) character file.

Game seed: 14333199109909103290

1978 lunkers the Zephyrmancer (level 9, -1/62 HPs)
             Began as a Meteoran Air Elementalist on May 4, 2023.
             Killed by their own static electricity (6 damage)
             ... in an ossuary.
             The game lasted 00:10:10 (3101 turns).

lunkers the Zephyrmancer (MeAE)                     Turns: 3101, Time: 00:10:11

Health: -1/62      AC:  7    Str:  9    XL:     9   Next: 71%
Magic:  6/21       EV: 12    Int: 21    God:
Gold:   345        SH:  3    Dex: 16    Spells: 13/23 levels left

rFire   . . .        a - staff of conjuration
rCold   + . .        k - +0 buckler
rNeg    . . .        g - +1 robe "Geeri" {rC+ Slay+3}
rPois   .            (no helmet)
rElec   .            h - +0 cloak
rCorr   .            l - +0 pair of gloves
SInv    .            c - +1 pair of boots
Will    +....        (no amulet)
Stlth   +            e - ring of flight
HPRegen 0.30/turn    (no ring)
MPRegen 0.17/turn

%: no passive effects
@: flying, glowing
A: sense surroundings 2, otherworldly, glowing, explore regen
a: no special abilities


You were in an ossuary.
You visited 1 branch of the dungeon, and saw 6 of its levels.
You also visited: Sewer and Ossuary.

You collected 345 gold pieces.

Inventory:

Hand Weapons
 s - a +2 long sword of freezing
Armour
 c - a +1 pair of boots (worn)
 g - the +1 robe "Geeri" (worn) {rC+ Slay+3}
   (You found it on level 2 of the Dungeon)

   Slay:      It affects your accuracy & damage with ranged weapons and melee
   (+3).
   rC:        It protects you from cold.
 h - a +0 cloak (worn)
 k - a +0 buckler (worn)
 l - a +0 pair of gloves (worn)
Magical Staves
 a - a staff of conjuration (weapon)
Jewellery
 e - a ring of flight (left hand)
 n - an amulet of faith
Scrolls
 j - a scroll of fear
 q - 3 scrolls of fog
 r - a scroll of blinking
 u - a scroll of teleportation
Potions
 b - 2 potions of magic
 d - 3 potions of heal wounds
 f - a potion of brilliance {unknown}
 i - 2 potions of attraction
 m - a potion of might {unknown}
 o - 3 potions of curing
 p - 2 potions of lignification {unknown}
 t - 2 potions of haste {unknown}
 v - 4 potions of flight


   Skills:
 - Level 2.4 Dodging
 - Level 1.4 Stealth
 + Level 7.5 Spellcasting
 + Level 7.0 Conjurations
 * Level 10.6 Air Magic


You had 13 spell levels left.
You knew the following spells:

 Your Spells              Type           Power      Damage    Failure   Level
a - Shock                 Conj/Air       100%       1d9       1%          1
b - Static Discharge      Conj/Air       100%       2-7/arc   1%          2
c - Swiftness             Air            51%        N/A       1%          3
d - Airstrike             Air            25%        2d(4-20)  1%          4

Your spell library contained the following spells:

 Spells                   Type           Power      Damage    Failure   Level


Dungeon Overview and Level Annotations

Branches:
Dungeon (6/15) Zot: 1021    Sewer (visited)         Ossuary (1/1) Zot: 535
 Temple: D:4-7

Altars:
Okawaru
Trog
The Shining One

Annotations:
D:4 Pikel


Innate Abilities, Weirdness & Mutations

You passively map the area around you.
You are easily found by Zot.
You glow in the dark.
You regain HP and MP as you explore.


Message History

The lightning grounds out.
The centaur zombie hits you.
* * * LOW HITPOINT WARNING * * *
The centaur zombie kicks you but does no damage.
Casting: Static Discharge (safe; 1% risk of failure)
Confirm with . or Enter, or press ? or * to list all spells.
You feel a surge of power!
The centaur zombie is struck by an arc of lightning.
The centaur zombie is lightly damaged.
You are struck by an arc of lightning.
* * * LOW HITPOINT WARNING * * *
The centaur zombie is struck by an arc of lightning.
The centaur zombie is moderately damaged.
You are struck by an arc of lightning.
* * * LOW HITPOINT WARNING * * *
The centaur zombie is struck by an arc of lightning.
The centaur zombie is moderately damaged.
The lightning grounds out.
The centaur zombie closely misses you.
The centaur zombie kicks you but does no damage.
Unknown command.
Casting: Static Discharge (safe; 1% risk of failure)
Confirm with . or Enter, or press ? or * to list all spells.
You feel a surge of power!
The centaur zombie is struck by an arc of lightning.
The centaur zombie is heavily damaged.
You are struck by an arc of lightning.
* * * LOW HITPOINT WARNING * * *
The centaur zombie is struck by an arc of lightning.
The centaur zombie is severely damaged.
You are struck by an arc of lightning.
* * * LOW HITPOINT WARNING * * *
The lightning grounds out.
The centaur zombie hits you.
* * * LOW HITPOINT WARNING * * *
The centaur zombie kicks you but does no damage.
Casting: Static Discharge (safe; 1% risk of failure)
Confirm with . or Enter, or press ? or * to list all spells.
You feel a surge of power!
The centaur zombie is struck by an arc of lightning.
The centaur zombie is almost destroyed.
You are struck by an arc of lightning.
You die...

## P~~# , #~# ,'
#≈##~~# ###~### *.#
* ≈≈~..~+,#.'.'.# .+
* #≈~#~.#####.###
*.# * #..~#..∩#.# .+
* # #~~~~.∩.#.#,,
'.### ≈≈#...#...#.#
, .'.*
≈≈~#~~#####.#####Z#*
≈#~P~~~.~.~.....@.+,
~##≈#.~.~~#'#'#'#+#*
#≈≈.#.~P≈.#.#.#,*
*#≈####~#~#######*
≈≈≈ ##### ###**


You could see a centaur zombie.

Vanquished Creatures
  An ice beast (D:6)
  4 ogres
  2 phantoms
  8 scorpions
  5 wights (D:6)
  A bullfrog zombie (Ossuary)
  A jelly (D:4)
  3 hounds
  A sleepcap (D:6)
  7 mummies (Ossuary)
  2 iguanas (D:5)
  An orc wizard (D:4)
  A howler monkey zombie (Ossuary)
  11 adders
  4 river rats (Sewer)
  3 white imps (D:6)
  An ufetubus (D:5)
  3 dart slugs
  11 orcs
  10 ball pythons
  13 bats
  7 endoplasms
  7 giant cockroaches
  3 goblins (D:3)
  8 hobgoblins
  5 jackals
  7 kobolds
  3 quokkas
  5 frilled lizards
  3 rats
141 creatures vanquished.

Vanquished Creatures (others)
  4 withered plants (Ossuary)
4 creatures vanquished.

Grand Total: 145 creatures vanquished

Notes
Turn   | Place    | Note
-------+----------+-------------------------------------------
     0 | D:1      | lunkers the Meteoran Air Elementalist began the quest for
                  | the Orb.
     0 | D:1      | Reached XP level 1. HP: 14/14 MP: 5/5
    79 | D:1      | Reached XP level 2. HP: 20/20 MP: 2/6
    99 | D:1      | Reached skill level 4 in Air Magic
   346 | D:1      | Reached XP level 3. HP: 26/26 MP: 5/8
   372 | D:2      | Learned a level 2 spell: Static Discharge
   376 | D:2      | Learned a level 3 spell: Swiftness
   399 | D:2      | Identified the +1 robe "Geeri" {rC+ Slay+3}
   483 | D:2      | Reached XP level 4. HP: 21/33 MP: 5/10
  1081 | D:3      | Reached skill level 5 in Air Magic
  1155 | D:3      | Learned a level 4 spell: Airstrike
  1215 | D:3      | Found a bloodstained altar of Trog.
  1235 | D:4      | Noticed an ogre
  1244 | D:4      | Killed an ogre
  1245 | D:4      | Reached XP level 5. HP: 26/38 MP: 0/12
  1245 | D:4      | Reached XP level 6. HP: 31/45 MP: 0/13
  1351 | D:4      | Reached skill level 6 in Air Magic
  1427 | D:4      | Noticed an ogre
  1439 | D:4      | Killed an ogre
  1440 | D:4      | Reached XP level 7. HP: 41/50 MP: 9/15
  1441 | D:4      | Noticed Pikel
  1453 | D:4      | Reached skill level 5 in Spellcasting
  1453 | D:4      | Reached skill level 7 in Air Magic
  1540 | D:5      | Entered Level 5 of the Dungeon
  1555 | D:5      | Reached XP level 8. HP: 21/57 MP: 5/17
  1653 | D:5      | Reached skill level 8 in Air Magic
  1745 | D:5      | Found an iron altar of Okawaru.
  1745 | D:5      | Found a glowing golden altar of the Shining One.
  1768 | D:5      | Reached skill level 5 in Conjurations
  2017 | D:5      | Found a glowing drain.
  2035 | Sewer    | Entered a sewer
  2590 | D:5      | Reached skill level 9 in Air Magic
  2656 | D:5      | Gained mutation: You passively map the area around you.
                  | [Meteoran growth]
  2656 | D:5      | Reached XP level 9. HP: 62/62 MP: 6/19
  2892 | D:6      | Reached skill level 10 in Air Magic
  3026 | D:6      | Found a sand-covered staircase.
  3036 | Ossuary  | Entered an ossuary
  3101 | Ossuary  | Killed from afar by themself

Illustrated notes

Levels and vault maps discovered:
D:1:      giann_bridges, layout_basic
D:2:      layout_loops_ring, minmay_misc_feat_cross, uniq_jessica, uniq_sigmund
D:3:      layout_basic, trog_butcher_becter, serial_corexii_hall,
          chequers_hall_statues_corner_a, corexii_hall_statues_x,
          corexii_hall_statues_u, corexii_hall_statues_s,
          corexii_hall_statues_t, corexii_hall_statues_l, minmay_misc_feat_roman
D:4:      layout_gridville, minmay_circle_x, uniq_duvessa, uniq_pikel
D:5:      layout_basic, mainiacjoe_overflow_divided_tiny, gup_sewer_entry_glass,
          chequers_serial_rivers_large_a
D:6:      cheibrodos_quashed, layout_loops_ring, nicolae_ossuary_entry_monument,
          chequers_serial_rivers_small_b
Ossuary:  ossuary_zaba_flooded

Skill      XL: |  1  2  3  4  5  6  7  8  9 |
---------------+----------------------------+-----
Air Magic      | 4 5 6 7 9 10 | 10.6
Spellcasting   | 3 4 5 6 7 |  7.5
Conjurations   | 2 3 4 5 7 |  7.0
Dodging        | |  2.4
Stealth        | |  1.4

Action                     |  1- 3 |  4- 6 |  7- 9 || total
---------------------------+-------+-------+-------++-------
  Melee: Unarmed           |     8 |       |       ||     8
         Staff             |     2 |    35 |    27 ||    64
   Cast: Shock             |    37 |    17 |    45 ||    99
         Static Discharge  |     7 |    28 |    76 ||   111
         Airstrike         |       |       |     7 ||     7
    Use: Scroll            |       |     2 |    10 ||    12
 Armour: Robe              |    16 |    26 |    40 ||    82
  Dodge: Dodged            |    34 |    33 |    51 ||   118
  Block: Buckler           |       |    11 |    16 ||    27

Table legend: (Time is in decaauts)
 A = Elapsed time spent in this place.
 B = Non-inter-level travel time spent in this place.
 C = Inter-level travel time spent in this place.
 D = Time resting spent in this place.
 E = Time spent auto-exploring this place.
 F = Levels seen in this place.
 G = Mean time per level.
                   A        B        C        D        E       F      G
               +--------+--------+--------+--------+--------+-----+--------+
         Total |   3114 |   3027 |     87 |      0 |   1859 |   8 |  389.2 |
       Dungeon |   2578 |   2491 |     87 |      0 |   1540 |   6 |  429.7 |
         Sewer |    470 |    470 |      0 |      0 |    310 |   1 |  470.0 |
       Ossuary |     65 |     65 |      0 |      0 |      9 |   1 |   65.0 |
               +--------+--------+--------+--------+--------+-----+--------+

Top non-repeatable levels by time:
     D:5: 699 daAuts
     D:2: 492 daAuts
   Sewer: 470 daAuts
     D:3: 385 daAuts
     D:1: 361 daAuts
     D:6: 330 daAuts
     D:4: 309 daAuts
 Ossuary: 65 daAuts
